 Dungeon Crawl Stone Soup version 0.20-a0-876-g2c7b0bf (webtiles) character file.

231 4thArraOfDagon the Chopper (level 5, -2/66 HPs)
             Began as a Demigod Wanderer on Mar 15, 2017.
             Killed from afar by Sigmund (4 damage)
             ... with a puff of flame
             ... on level 4 of the Dungeon.
             The game lasted 00:04:22 (905 turns).

4thArraOfDagon the Chopper (Demigod Wanderer)        Turns: 905, Time: 00:04:23

Health: -2/66      AC: 22    Str: 18    XL:     5   Next: 44%
Magic:  7/7        EV:  2    Int: 18    God:
Gold:   82         SH:  0    Dex: 12    Spells: 4/4 levels left

rFire    . . .     SeeInvis .   a - +2 hand axe
rCold    . . .     Gourm    .   (armour currently unavailable)
rNeg     + + +     Faith    .   (no shield)
rPois    +         Spirit   .   (helmet currently unavailable)
rElec    .         Reflect  .   (cloak currently unavailable)
rCorr    .         Harm     .   (gloves currently unavailable)
MR       .....     NoTele   +   (boots currently unavailable)
Stlth    +.........             k - amulet of magic regeneration
Regen    0.3/turn               (no ring)
MPRegen  0.2/turn               (no ring)

@: tree-form
A: high mp 1
a: no special abilities


You were on level 4 of the Dungeon.
You were not hungry.
You were a tree.
You visited 1 branch of the dungeon, and saw 4 of its levels.

You collected 82 gold pieces.

Inventory:

Hand Weapons
 a - a +2 hand axe (weapon)
 d - a +0 blowgun
 n - a +0 war axe
Missiles
 c - 31 poisoned needles
 t - 4 needles of confusion
Armour
 e - a +0 robe
 g - a +0 plate armour (melded)
 r - a cursed +0 pair of boots (melded)
Jewellery
 k - an amulet of magic regeneration (around neck)
Wands
 l - a wand of confusion (13/48)
Scrolls
 h - a scroll of immolation {unknown}
 i - 6 scrolls of teleportation
 j - 2 scrolls of remove curse {unknown}
 m - a scroll of enchant armour {unknown}
 u - a scroll of noise {unknown}
 v - a scroll of fog {unknown}
Potions
 o - a potion of curing
 s - 2 potions of flight
Books
 b - the Grimoire of the Blaze

   Spells                             Type                      Level
   a - Flame Tongue                   Conjuration/Fire             1
   b - Inner Flame                    Hexes/Fire                   3
Comestibles
 f - 2 bread rations
 q - a royal jelly


   Skills:
 + Level 2.9 Fighting
 * Level 4.0 Axes
 - Level 1.0 Throwing
 + Level 2.9 Armour
   Level 1.0 Shields
   Level 1.7 Charms
   Level 1.0 Earth Magic


You had 4 spell levels left.
You didn't know any spells.

Dungeon Overview and Level Annotations

Branches:
Dungeon (4/15)             Temple (0/1) D:4

Annotations:
D:4 Sigmund


Innate Abilities, Weirdness & Mutations

You have an increased reservoir of magic. (+10% MP)


Message History

You hear some strange, mumbled words.
A puff of flame appears from out of thin air!
The puff of flame hits you!
Unknown command.
Evoke which item? (* to show all) (? for menu, Esc to quit)
Aiming: Confuse
Press: ? - help, Shift-Dir - straight line, f - Sigmund, p - ogre
Aim: Sigmund, wielding a scythe and wearing a robe (lightly wounded, chance to defeat MR: 54%) Sigmund resists with significant effort.
This wand has 13 charges left.
Sigmund hits you but does no damage. The orc hits you but does no damage.
Something hits you but does no damage.
Unknown command.
You hit the ogre.
The ogre is heavily wounded.
You closely miss something. Something hits you but does no damage.
The orc hits you from afar with a trident.
* * * LOW HITPOINT WARNING * * *
Sigmund gestures at you while chanting.
Helpless, you fail to dodge the puff of flame.
You die...

.........#........###
.......###..........#
...#......#####.....#
...#.....##..##.....# .
...#[....#....#.....# ...
...#.....#_.⌠.##....#....
.........#.....#.........
.........##...O#.....#...
.......#8...'♣)o..# ..
#....#.)@..# #
#.....#.......#
#_.⌠.##....##.#
#....#.....# .#
##..##....#.. . ###
........ .........


You could see Sigmund, an ogre (confused) and an orc.

Vanquished Creatures
  An ogre (D:4)
  A centaur (D:3)
  A centaur skeleton (D:4)
  An adder (D:3)
  An ooze (D:2)
  An adder skeleton (D:4)
  2 orcs
  6 goblins
  6 hobgoblins
  2 jackals (D:3)
  A bat (D:2)
  2 frilled lizards
  3 kobolds
  A rat (D:3)
29 creatures vanquished.

Notes
Turn   | Place    | Note
-------+----------+-------------------------------------------
     0 | D:1      | 4thArraOfDagon the Demigod Wanderer began the quest for the Orb.
     0 | D:1      | 4thArraOfDagon set off with: a +2 hand axe, the Grimoire of the Blaze, 11 poisoned needles, a +0 blowgun, a +0 robe, a bread ration
     0 | D:1      | Reached XP level 1. HP: 17/17 MP: 3/3
    81 | D:1      | Reached skill level 2 in Axes
   279 | D:3      | Reached XP level 2. HP: 24/24 MP: 4/4
   559 | D:4      | Reached XP level 3. HP: 27/29 MP: 5/5
   613 | D:4      | Reached skill level 3 in Axes
   627 | D:4      | Found a staircase to the Ecumenical Temple.
   751 | D:3      | Noticed a centaur
   757 | D:3      | Killed a centaur
   757 | D:3      | Reached XP level 4. HP: 37/37 MP: 6/6
   864 | D:4      | Found a snail-covered altar of Cheibriados.
   865 | D:4      | Found a deep blue altar of Sif Muna.
   865 | D:4      | Noticed Sigmund
   887 | D:4      | Noticed an ogre
   894 | D:4      | Noticed an ogre
   900 | D:4      | Killed an ogre
   900 | D:4      | Reached skill level 4 in Axes
   900 | D:4      | Reached XP level 5. HP: 6/44 MP: 7/7
   905 | D:4      | HP: 2/66 [orc/trident (2)]
   905 | D:4      | Killed from afar by Sigmund

Vault maps used:
D:1:      wheals_arrival_linesprint, minmay_misc_feat_x, kennysheep_minor_cross
D:2:      kennysheep_big_flooded_room, corexii_item_surrounded_by_moat,
          minmay_pentomino_t2
D:3:      chequers_ecumenical_altar_lobes, minmay_goblin_kobold_house
D:4:      gammafunk_temple_overflow_pools, minmay_temple_entry_nine_rooms,
          serial_shops, shop, uniq_sigmund

Skill      XL: |  1  2  3  4 |
---------------+-------------+-----
Axes           | 2 3 4 |  4.0
Fighting       | 2 |  2.9
Armour         | 2 |  2.9
Throwing       | |  1.0
Shields        | |  1.0
Charms         | |  1.7
Earth Magic    | |  1.0

Action                   |  1- 3 |  4- 6 || total
-------------------------+-------+-------++-------
Melee: Hand axe          |    84 |    12 ||    96
Evoke: Wand              |     1 |    12 ||    13
  Use: Scroll            |     3 |       ||     3
       Potion            |     1 |     2 ||     3
 Stab: Confused          |     1 |       ||     1
Armor: Plate armour      |    59 |       ||    59
       Skin              |     3 |    27 ||    30
Dodge: Dodged            |    22 |     2 ||    24
